 Dungeon Crawl Stone Soup version 0.27-a0-637-g3a9f0a9c12 (webtiles) character file.

Game seed: 12479744307498817304

41 Aggronaut the Ruffian (level 3, -4/31 HPs)
             Began as a Ghoul Monk on Mar 15, 2021.
             Slain by a goblin (6 damage)
             ... led by Robin
             ... on level 2 of the Dungeon.
             The game lasted 00:02:29 (1605 turns).

Aggronaut the Ruffian (Ghoul Monk)                  Turns: 1605, Time: 00:02:29

Health: -4/31      AC:  2    Str: 15    XL:     3   Next: 52%
Magic:  2/2        EV: 12    Int:  5    God:
Gold:   59         SH:  0    Dex: 11    Spells: 2/2 levels left

rFire    . . .     SeeInvis .     - Unarmed
rCold    + . .     Faith    .   (no shield)
rNeg     + + +     Spirit   .   a - +0 robe
rPois    ∞         Reflect  .   (no helmet)
rElec    .         Harm     .   (no cloak)
rCorr    .         Rampage  .   (no gloves)
Will     .....                  (no boots)
Stlth    ++........             (no amulet)
HPRegen  0.00/turn              (no ring)
MPRegen  0.08/turn              (no ring)

@: no status effects
A: claws 1, cold resistance 1, negative energy resistance 3, inhibited
regeneration, torment resistance 2, unbreathing 1
a: no special abilities


You were on level 2 of the Dungeon.
You visited 1 branch of the dungeon, and saw 2 of its levels.

You collected 59 gold pieces.

Inventory:

Missiles
 c - 15 poisoned darts (quivered)
 f - 5 curare-tipped darts
Armour
 a - a +0 robe (worn)
Jewellery
 h - a ring of protection from fire
Scrolls
 b - 2 scrolls of immolation {unknown}
 d - a scroll of enchant weapon {unknown}
 e - a scroll of amnesia {unknown}
 g - 2 scrolls of teleportation {unknown}
 k - a scroll of identify {unknown}
Potions
 i - a potion of berserk rage {unknown}
 j - 2 potions of brilliance {unknown}
 l - a potion of magic {unknown}


   Skills:
 - Level 3.2 Fighting
 + Level 1.1 Throwing
 - Level 2.6 Dodging
 + Level 2.9 Stealth
 * Level 4.2 Unarmed Combat


You had 2 spell levels left.
You didn't know any spells.
Your spell library was empty.

Dungeon Overview and Level Annotations

Branches:
Dungeon (2/15)

Altars:

Annotations:
D:2 Robin, Sigmund


Innate Abilities, Weirdness & Mutations

You thrive by killing the living.
You are immune to poison.
You have sharp fingernails.
Your flesh is cold resistant. (rC+)
You are immune to negative energy. (rN+++)
You do not regenerate when monsters are visible.
You are immune to unholy pain and torment.
You can survive without breathing.


Message History

The hobgoblin no longer looks unusually strong.
The goblin hits you with a +0 dagger. x2
The goblin no longer looks unusually strong.
You see here a +0 club.
You scratch the goblin.
You kill the goblin!
You feel better. Robin throws the goblin at you!
You scratch the goblin.
The goblin is severely wounded.
The goblin no longer looks unusually strong. x2
The goblin closely misses you. The goblin hits you with a +0 club.
You miss the goblin.
The goblin is severely wounded.
The goblin no longer looks unusually strong.
The goblin hits you but does no damage. The goblin barely misses you.
You closely miss the goblin.
The goblin is severely wounded.
The goblin hits you with a +0 dagger. The goblin hits you but does no damage.
You scratch the goblin.
You kill the goblin!
The goblin no longer looks unusually strong.
Robin roars a battlecry!
The goblins go into a battle-frenzy!
The goblin barely misses you.
You scratch the goblin.
The goblin is severely wounded.
The goblin hits you.
* * * LOW HITPOINT WARNING * * *
The goblin hits you with a +0 dagger.
* * * LOW HITPOINT WARNING * * *
You closely miss the goblin. You claw the goblin.
You kill the goblin!
You feel better. The goblin hits you but does no damage.
Robin throws the goblin at you!
* * * LOW HITPOINT WARNING * * *
The goblin misses you. Robin throws the goblin at you!
The goblin hits you with a +0 dagger.
* * * LOW HITPOINT WARNING * * *
The goblin closely misses you. The goblin hits you.
You die...

##...#...## ##.........##
#...........# ###...........#
#.............###
#...............##
#....†).......(..##
#....)............# #
#............@g...#### #
#.<..........gg......# #### #
#.................##.## ..... #
#....(............##g.###..... #
#................)g)())....... ##
####..............###...#.....
.######......#.......# ###.......
...#......##.######..............
##.#.##.... .# ##....g?......>


You could see Robin and 3 goblins.

Vanquished Creatures
  3 dart slugs (D:1)
  2 leopard geckos (D:1)
  7 goblins (D:2)
  10 hobgoblins
  2 bats
  4 kobolds
  A rat (D:1)
29 creatures vanquished.

Notes
Turn   | Place    | Note
-------+----------+-------------------------------------------
     0 | D:1      | Aggronaut the Ghoul Monk began the quest for the Orb.
     0 | D:1      | Reached XP level 1. HP: 19/19 MP: 0/0
   182 | D:1      | Reached XP level 2. HP: 20/26 MP: 1/1
  1248 | D:2      | Reached skill level 4 in Unarmed Combat
  1248 | D:2      | Reached XP level 3. HP: 19/31 MP: 2/2
  1256 | D:2      | Noticed Sigmund
  1402 | D:2      | Reached skill level 1 in Throwing
  1576 | D:2      | Noticed Robin
  1605 | D:2      | Slain by a goblin

Illustrated notes

Levels and vault maps discovered:
D:1:      sevenhm_arrival_forest_fort_large_2, layout_loops_corners
D:2:      layout_rooms, tso_oasis_becter, uniq_crazy_yiuf_cottage, uniq_sigmund,
          uniq_robin

Skill      XL: |  1  2  3 |
---------------+----------+-----
Unarmed Combat | 4 |  4.2
Throwing       | 1 |  1.1
Fighting       | |  3.2
Dodging        | |  2.6
Stealth        | |  2.9

Action                   || total
-------------------------++-------
Melee: Unarmed           ||    91
       Punch             ||     1
 Stab: Sleeping          ||     2
Armor: Robe              ||    14
Dodge: Dodged            ||    62

Table legend: (Time is in decaauts)
 A = Elapsed time spent in this place.
 B = Non-inter-level travel time spent in this place.
 C = Inter-level travel time spent in this place.
 D = Time resting spent in this place.
 E = Time spent auto-exploring this place.
 F = Levels seen in this place.
 G = Mean time per level.
                   A        B        C        D        E       F      G
               +--------+--------+--------+--------+--------+-----+--------+
         Total |   1599 |   1537 |     62 |    405 |    879 |   2 |  799.5 |
       Dungeon |   1599 |   1537 |     62 |    405 |    879 |   2 |  799.5 |
               +--------+--------+--------+--------+--------+-----+--------+

Top non-repeatable levels by time:
     D:1: 1322 daAuts
     D:2: 276 daAuts
